 Dungeon Crawl Stone Soup version 0.30-a0-737-gf23d94013f (webtiles) character file.

Game seed: 2991760707688470473

562 retardedninja the Trooper (level 7, 0/44 HPs)
             Began as a Gargoyle Fighter on Feb 1, 2023.
             Slain by a goblin
             ... wielding a +0 dagger
             ... led by Robin
              (2 damage)
             ... on level 4 of the Dungeon.
             The game lasted 00:04:34 (4007 turns).

retardedninja the Trooper (Gargoyle Fighter)        Turns: 4007, Time: 00:04:35

Health: 0/44       AC: 15    Str: 22    XL:     7   Next: 31%
Magic:  7/7        EV:  9    Int:  8    God:
Gold:   228        SH:  4    Dex:  9    Spells: 6/6 levels left

rFire   . . .      SeeInvis .    a - +0 flail
rCold   . . .      Faith    .    c - +0 buckler
rNeg    + . .      Spirit   .    b - +0 scale mail
rPois   ∞          Reflect  .    x - +2 helmet
rElec   +          Harm     .    (no cloak)
rCorr   .          Rampage  .    (no gloves)
Will    .....                    (no boots) Stlth
                                 (no amulet)
HPRegen 0.27/turn                (no ring)
MPRegen 0.10/turn                (no ring)

@: mighty, brilliant, hasted, very quick
A: sickness immunity, AC +4, negative energy resistance 1, electricity
resistance, torment resistance 1, petrification resistance
a: no special abilities


You were on level 4 of the Dungeon.
You visited 1 branch of the dungeon, and saw 4 of its levels.

You collected 228 gold pieces.

Inventory:

Hand Weapons
 a - a +0 flail (weapon)
Armour
 b - a +0 scale mail (worn)
 c - a +0 buckler (worn)
 x - a +2 helmet (worn)
Wands
 n - a wand of iceblast (5)
Scrolls
 e - a scroll of enchant weapon {unknown}
 g - a scroll of noise {unknown}
 h - a scroll of blinking {unknown}
 l - a scroll of summoning {unknown}
 m - a scroll of amnesia {unknown}
 q - a scroll of poison {unknown}
 r - a scroll of identify
 s - a scroll of silence {unknown}
 v - a scroll of vulnerability {unknown}
Potions
 d - 3 potions of might
 f - a potion of invisibility {unknown}
 i - a potion of mutation
 o - a potion of lignification {unknown}
 w - a potion of heal wounds {unknown}


   Skills:
 + Level 5.0 Fighting
 * Level 5.0 Maces & Flails
 + Level 5.0 Armour
 + Level 4.9 Shields


You had 6 spell levels left.
You didn't know any spells.
Your spell library contained the following spells:

 Spells                   Type           Power      Damage    Failure   Level
 Poisonous Vapours        Pois/Air       0%         N/A       91%         2
 Mephitic Cloud           Conj/Pois/Air  0%         N/A       99%         3
 Malign Gateway           Summ/Tloc      0%         N/A       100%        7
 Summon Horrible Things   Summ           0%         N/A       100%        8
 Cigotuvi's Dreadful Rot  Necr/Pois/Air  Unusable   N/A       N/A         2

Dungeon Overview and Level Annotations

Branches:
Dungeon (4/15)
 Temple: D:4-7

Altars:
Dithmenos
Sif Muna


Innate Abilities, Weirdness & Mutations

You are immune to sickness and miasma.
Your stone body is resilient. (AC +4)
You are immune to poison.
You resist negative energy. (rN+)
You are resistant to electric shocks. (rElec)
You are resistant to unholy torment.
You are immune to petrification.


Message History

The orc hits you but does no damage. The goblin closely misses you.
The hobgoblin hits you but does no damage.
Things that are here:
a +0 club; a goblin corpse You sock the goblin!
You kill the goblin!
The goblin no longer looks unusually strong.
You block the hobgoblin's attack. The goblin hits you but does no damage.
The orc hits you with a +0 flail.
* * * LOW HITPOINT WARNING * * *
The hobgoblin barely misses you.
The hobgoblin hits you but does no damage.
The orc hits you but does no damage. The goblin hits you but does no damage.
You sock the hobgoblin!
You kill the hobgoblin!
The orc hits you with a +0 flail!
* * * LOW HITPOINT WARNING * * *
The goblin hits you but does no damage. The hobgoblin barely misses you.
It was a potion of brilliance.
You feel clever all of a sudden. The goblin hits you with a +0 dagger.
* * * LOW HITPOINT WARNING * * *
The goblin hits you but does no damage. The orc hits you but does no damage.
You block the hobgoblin's attack.
You hit the goblin.
The goblin is heavily wounded.
The hobgoblin no longer looks unusually strong.
The orc hits you but does no damage.
The goblin hits you but does no damage. x2
The hobgoblin barely misses you.
As you read the scroll labelled NEBRUCIRREM, it crumbles to dust.
It is a scroll of identify.
i - a potion of mutation The goblin closely misses you.
The orc barely misses you.
A hobgoblin opens the door.
The goblin hits you but does no damage.
The hobgoblin hits you but does no damage.
It was a potion of haste.
You feel yourself speed up. The goblin hits you but does no damage.
You block the orc's attack. The goblin hits you but does no damage.
The hobgoblin closely misses you. The goblin hits you with a +0 dagger.
You die...

###.#.....###.......#
#.....≈Soo.
......##..###..##...#
#.###.≈g###
..###.###..#..# #...# #.#
#.≈ggg.
..###..##.)...##....# #.#
#.≈.#g_
..#....))...........# #.#
#.≈.#..
.....##)).......## .# ...
..≈.### .##.####..._...##
#.# ... .≈...§
.#...##.........##o.#....
.#.....÷........@og.'....
.#.....##.....##gg#.#....
.####.###..#..###g'.# #
.## #.##..###..##.#.# ..#
#.....###..)....#
#.#######..#...##.###
#...### #......##.#
###...####.###.#..#
........##.......##


You could see 2 orcs, 2 hobgoblins and 2 goblins.

Vanquished Creatures
  Sigmund (D:2)
  An orc warrior (D:4)
  3 orc priests (D:4)
  A jelly (D:4)
  An iguana (D:4)
  2 orc wizards (D:4)
  Robin (D:4)
  An adder (D:4)
  6 worms
  2 dart slugs
  An orc (D:4)
  7 ball pythons
  3 bats
  7 endoplasms
  A giant cockroach (D:1)
  12 goblins
  12 hobgoblins
  4 jackals
  5 quokkas
  A frilled lizard (D:2)
  5 kobolds
  8 rats
85 creatures vanquished.

Vanquished Creatures (others)
  An endoplasm (D:1)
1 creature vanquished.

Grand Total: 86 creatures vanquished

Notes
Turn   | Place    | Note
-------+----------+-------------------------------------------
     0 | D:1      | retardedninja the Gargoyle Fighter began the quest for the
                  | Orb.
     0 | D:1      | Reached XP level 1. HP: 14/14 MP: 1/1
   140 | D:1      | Reached XP level 2. HP: 12/19 MP: 2/2
   630 | D:1      | Reached XP level 3. HP: 13/23 MP: 3/3
  1714 | D:2      | HP: 1/24 [worm (9)]
  2293 | D:2      | Noticed Sigmund
  2305 | D:2      | Killed Sigmund
  2306 | D:2      | Reached XP level 4. HP: 26/30 MP: 4/4
  2306 | D:2      | Reached XP level 5. HP: 29/34 MP: 5/5
  2914 | D:3      | Reached XP level 6. HP: 39/39 MP: 6/6
  3520 | D:4      | Found a shadowy altar of Dithmenos.
  3872 | D:4      | Found a shimmering blue altar of Sif Muna.
  3875 | D:4      | Noticed an orc warrior
  3884 | D:4      | Killed an orc warrior
  3885 | D:4      | Reached skill level 5 in Fighting
  3885 | D:4      | Reached XP level 7. HP: 13/44 MP: 7/7
  3888 | D:4      | HP: 2/44 [orc priest/divine providence (13)]
  3979 | D:4      | Reached skill level 5 in Maces & Flails
  3985 | D:4      | Noticed Robin
  3993 | D:4      | Killed Robin
  3994 | D:4      | Reached skill level 5 in Armour
  4002 | D:4      | HP: 2/44 [orc/+0 flail (7)]
  4007 | D:4      | Slain by a goblin

Illustrated notes

Levels and vault maps discovered:
D:1:      wander_arrival_lonely_grave, layout_basic
D:2:      layout_loops_ring, uniq_sigmund
D:3:      layout_basic
D:4:      layout_basic, mainiacjoe_overflow_brackets, lemuel_round_altar,
          nicolae_dithmenos_shadow_blocks, st_stairs_12, uniq_robin

Skill      XL: |  1  2  3  4  5  6  7 |
---------------+----------------------+-----
Fighting       | 4 5 |  5.0
Maces & Flails | 3 4 5 |  5.0
Armour         | 4 5 |  5.0
Shields        | 4 |  4.9

Action                     |  1- 3 |  4- 6 |  7- 9 || total
---------------------------+-------+-------+-------++-------
  Melee: Flail             |   157 |   126 |    20 ||   303
  Evoke: Wand              |       |     2 |       ||     2
    Use: Scroll            |     1 |       |     2 ||     3
         Potion            |       |     1 |     7 ||     8
 Armour: Scale mail        |    92 |    78 |    36 ||   206
  Dodge: Dodged            |    77 |    54 |    19 ||   150
  Block: Buckler           |    28 |    35 |    10 ||    73

Table legend: (Time is in decaauts)
 A = Elapsed time spent in this place.
 B = Non-inter-level travel time spent in this place.
 C = Inter-level travel time spent in this place.
 D = Time resting spent in this place.
 E = Time spent auto-exploring this place.
 F = Levels seen in this place.
 G = Mean time per level.
                   A        B        C        D        E       F      G
               +--------+--------+--------+--------+--------+-----+--------+
         Total |   4089 |   3935 |    154 |   1188 |   2040 |   4 | 1022.2 |
       Dungeon |   4089 |   3935 |    154 |   1188 |   2040 |   4 | 1022.2 |
               +--------+--------+--------+--------+--------+-----+--------+

Top non-repeatable levels by time:
     D:1: 1532 daAuts
     D:2: 1096 daAuts
     D:3: 851 daAuts
     D:4: 610 daAuts
